 Dungeon Crawl Stone Soup version 0.24.0-13-gcf9b3192b9 (webtiles) character file.

Game seed: 7168819421214528314, levelgen mode: deterministic

170 Monsterracer the Skirmisher (level 5, -9/46 HPs)
             Began as a Minotaur Necromancer on Nov 6, 2019.
             Was a Plaything of Xom.
             Mangled by Sigmund
             ... wielding a +6 scythe of protection
              (13 damage)
             ... on level 3 of the Dungeon.
             The game lasted 00:02:41 (2995 turns).

Monsterracer the Skirmisher (Minotaur Necromancer)  Turns: 2995, Time: 00:02:42

Health: -9/46      AC:  8    Str: 13    XL:     5   Next: 25%
Magic:  6/6        EV:  6    Int: 12    God:    Xom [...*..]
Gold:   123        SH:  0    Dex: 11    Spells: 6/6 levels left

rFire    . . .     SeeInvis .   f - +1 mace
rCold    . . .     Gourm    .   (no shield)
rNeg     . . .     Faith    .   g - +0 chain mail
rPois    .         Spirit   .   (helmet restricted)
rElec    .         Reflect  .   (no cloak)
rCorr    +         Harm     .   (no gloves)
MR       .....                  (no boots)
Stlth    ..........             (no amulet)
HPRegen  0.15/turn              (no ring)
MPRegen  0.10/turn              q - ring of resist corrosion

@: no status effects
A: retaliatory headbutt, horns 2
a: Renounce Religion


You were on level 3 of the Dungeon.
You worshipped Xom.
You were a favourite toy of Xom.
You were not hungry.

You visited 1 branch of the dungeon, and saw 3 of its levels.

You collected 123 gold pieces.

Inventory:

Hand Weapons
 a - a +0 hand axe
   (You took it off an orc on level 3 of the Dungeon)
 f - a +1 mace (weapon)
   (You found it on level 1 of the Dungeon)
Armour
 g - a +0 chain mail (worn)
   (You took it off a hobgoblin on level 2 of the Dungeon)
Jewellery
 d - an uncursed ring of fire
   (You found it on level 1 of the Dungeon)
 q - a ring of resist corrosion (right hand)
   (You found it on level 1 of the Dungeon)
Scrolls
 b - a scroll of teleportation {unknown}
 h - a scroll of enchant armour {unknown}
 i - a scroll of fear {unknown}
 l - a scroll of magic mapping {unknown}
 n - 2 scrolls of identify {unknown}
 o - 2 scrolls of amnesia
 p - a scroll of enchant weapon
Potions
 j - a potion of flight {unknown}
 m - a potion of invisibility {unknown}
Comestibles
 c - 5 rations


   Skills:
 + Level 4.2 Fighting
 * Level 1.5(2.8) Axes
 - Level 3.6(3.8) Maces & Flails
 - Level 2.1 Dodging
 - Level 1.5 Stealth
 - Level 1.3 Spellcasting
   Level 2.9 Necromancy


You had 6 spell levels left.
You didn't know any spells.
Your spell library contained the following spells:

 Spells                   Type           Power        Failure   Level  Hunger
 Animate Skeleton         Necr           N/A          97%         1    ##.....
 Pain                     Necr           #...         97%         1    ##.....
 Regeneration             Chrm/Necr      #.........   100%        3    ####...
 Vampiric Draining        Necr           #.........   100%        3    ####...
 Animate Dead             Necr           N/A          100%        4    #####..


Dungeon Overview and Level Annotations

Branches:
Dungeon (3/15)

Altars:
Gozag
Xom

Annotations:
D:3 Sigmund


Innate Abilities, Weirdness & Mutations

You reflexively headbutt those who attack you in melee.
You have a pair of horns on your head.


Message History

The bat barely misses you. You furiously retaliate!
You headbutt the bat, but do no damage. The dart slug closely misses you.
You furiously retaliate!
You headbutt the dart slug.
There are monsters nearby!
You hit the dart slug.
The dart slug is moderately wounded.
The bat closely misses you.
The dart slug bites you but does no damage.
There are monsters nearby!
You thump the dart slug!
You kill the dart slug!
You are now a BORING thing.
The bat hits you but does no damage.
Jessica the Apprentice Sorceress comes into view.
She is wielding a +0 club.
Jessica shouts!
The bat hits you but does no damage. Jessica casts a spell at you.
Pain shoots through your body!
There are monsters nearby!
The bat hits you but does no damage. The bat hits you but does no damage.
Sigmund gestures wildly while chanting.
Sigmund flickers and vanishes!
Deactivating autopickup; reactivate with Ctrl-A.
The bat hits you but does no damage. The bat hits you but does no damage.
Xom decides to shift things around a little.
Jessica blinks!
You are now a favourite toy of Xom.
You hear some strange, mumbled words.
Something tries to affect you, but you resist.
You closely miss something. Jessica hits you but does no damage.
Something hits you.
You barely miss Jessica. Jessica hits you but does no damage.
You hear some strange, mumbled words.
A magic dart appears from out of thin air!
The magic dart hits you but does no damage.
You barely miss Jessica.
Jessica points at you and mumbles some strange words.
Pain shoots through your body! Something hits you!
* * * LOW HITPOINT WARNING * * *
Jessica gestures wildly while chanting.
Jessica seems to speed up.
You hit Jessica but do no damage. Jessica casts a spell at you.
Pain shoots through your body!
* * * LOW HITPOINT WARNING * * *
Something hits you.
* * * LOW HITPOINT WARNING * * *
It was a potion of curing.
You feel better.
Xom roars with laughter!
e - a potion of curing
q - a ring of resist corrosion (right hand) Jessica hits you but does no damage. x2
Your chain mail prevents you from hitting Jessica.
Something hits you.
* * * LOW HITPOINT WARNING * * *
Jessica hits you but does no damage.
You barely miss Jessica. Jessica barely misses you.
You hear some strange, mumbled words.
A puff of flame appears from out of thin air!
The puff of flame hits you but does no damage.
Jessica barely misses you.
You closely miss Jessica. You headbutt Jessica!
You kill Jessica!
Your base Axes skill increases to level 1!
Something hits you but does no damage. Something hits you!
* * * LOW HITPOINT WARNING * * *
Things that are here:
a +0 club; a +0 robe; the human corpse of Jessica A puff of flame appears from out of thin air!
The puff of flame hits you.
* * * LOW HITPOINT WARNING * * *
You feel better.
Unknown command.
What are your orders? t - Shout!
Orders for allies: a - Attack new target. r - Retreat! s - Stop attacking. g - Guard the area. f - Follow me.
Anything else - Cancel.
Retreat in which direction?
Press: ? - help, Dir - move target cursor, f - you
Okay, then.
As you read the scroll labeled DUGHEI ZOVVO, it crumbles to dust.
It is a scroll of amnesia.
Forget Pain, freeing 1 spell level for a total of 6?
Your memory of Pain unravels.
o - 2 scrolls of amnesia;
i - a scroll labeled PIPROU IG WOT Something hits you.
* * * LOW HITPOINT WARNING * * *
As you read the scroll labeled JEMIC FOPH, it crumbles to dust.
It is a scroll of enchant weapon.
Your +0 mace glows red for a moment.
p - a scroll of enchant weapon;
k - a scroll labeled SICEOT GUSTIU
As you read the scroll labeled SICEOT GUSTIU, it crumbles to dust.
You feel blessed for a moment.
It was a scroll of remove curse.
Something hits you!
You die...

.......#...# .. ..# #
#....# # ... ..###
#.##..#. #.. #.#..
#######.# ....#.#
#.#.# ........#
#.###.# #.#.#
#######b# #.# #.#
##.#.# #{#
#.###.###.....
##)####.##..))รท....#
#..@........###..###
#.#.........###..###
#....######.........
####.# #####..##. #.#
#..... #.# #[#.#. #.#
#...#. #.# ## #)# ..


You could see a bat.

Vanquished Creatures
  An orc priest (D:3)
  Jessica (D:3)
  2 orc wizards (D:3)
  2 adders (D:2)
  3 worms (D:2 D:3)
  A dart slug (D:3)
  A leopard gecko (D:1)
  2 orcs (D:3)
  4 bats (D:1 D:2)
  3 giant cockroaches (D:1 D:3)
  6 hobgoblins (D:1 D:2 D:3)
  2 ball pythons (D:1 D:2)
  5 frilled lizards (D:1 D:2 D:3)
  6 kobolds (D:1 D:2 D:3)
  5 rats (D:1 D:2 D:3)
44 creatures vanquished.

Vanquished Creatures (collateral kills)
  A hobgoblin (D:3)
  A frilled lizard (D:3)
2 creatures vanquished.

Grand Total: 46 creatures vanquished

Notes
Turn   | Place    | Note
-------+----------+-------------------------------------------
     0 | D:1      | Monsterracer the Minotaur Necromancer began the quest for
                  | the Orb.
     0 | D:1      | Reached XP level 1. HP: 14/14 MP: 1/1
   175 | D:1      | Reached skill level 1 in Fighting
   606 | D:1      | Reached skill level 1 in Maces & Flails
   606 | D:1      | Reached XP level 2. HP: 21/24 MP: 3/3
  1104 | D:2      | Reached skill level 2 in Fighting
  1219 | D:2      | Found a faded altar of an unknown god.
  1231 | D:2      | Became a worshipper of Xom of Chaos
  1352 | D:2      | XOM: smoke on damage
  1353 | D:2      | Reached XP level 3. HP: 22/30 MP: 4/4
  1456 | D:2      | HP: 15/30 [adder (2)]
  1459 | D:2      | HP: 6/30 [adder (5)]
  1464 | D:2      | HP: 14/30 [poisoned by an adder]
  1469 | D:2      | HP: 12/30 [poisoned by an adder]
  1474 | D:2      | HP: 8/30 [poisoned by an adder]
  1479 | D:2      | HP: 6/30 [poisoned by an adder]
  1484 | D:2      | HP: 4/30 [poisoned by an adder]
  1491 | D:2      | HP: 3/30 [poisoned by an adder]
  1499 | D:2      | HP: 2/30 [poisoned by an adder]
  1680 | D:2      | XOM: harmless Tloc miscast
  1706 | D:2      | XOM: harmless Tloc miscast
  2268 | D:2      | Reached skill level 3 in Fighting
  2606 | D:3      | Found an opulent altar of Gozag.
  2619 | D:3      | XOM: summons 3 friendly demons
  2626 | D:3      | Reached XP level 4. HP: 26/38 MP: 5/5
  2665 | D:3      | XOM: enchant monster (good)
  2671 | D:3      | Reached skill level 4 in Fighting
  2869 | D:3      | Reached XP level 5. HP: 37/46 MP: 6/6
  2973 | D:3      | Noticed Sigmund
  2975 | D:3      | Noticed Jessica
  2981 | D:3      | XOM is BORED!
  2981 | D:3      | XOM: blink monster(s)
  2984 | D:3      | HP: 12/46 [something (13)]
  2989 | D:3      | Killed Jessica
  2989 | D:3      | Reached skill level 1 in Axes
  2990 | D:3      | HP: 3/46 [something (9)]
  2991 | D:3      | HP: 1/46 [something/puff of flame (2)]
  2995 | D:3      | Mangled by Sigmund

Levels and vault maps discovered:
D:1:      kennysheep_arrival_seaside, layout_loops_ring
D:2:      minmay_recursive_quarters, layout_basic,
          chequers_ecumenical_altar_simple, st_stairs_1
D:3:      layout_loops_ring, first_ration, st_stairs_6, minmay_misc_feat_square,
          nicolae_gozag_seed_capital, uniq_robin, uniq_jessica, uniq_sigmund

Skill      XL: |  1  2  3  4  5 |
---------------+----------------+-----
Fighting       | 1 2 3 4 |  4.2
Maces & Flails | 1 2 3 |  3.6
Axes           | 1 |  1.5
Dodging        | |  2.1
Stealth        | |  1.5
Spellcasting   | |  1.3
Necromancy     | |  2.9

Action                   |  1- 3 |  4- 6 || total
-------------------------+-------+-------++-------
Melee: Unarmed           |    13 |       ||    13
       Mace              |    83 |    62 ||   145
       Headbutt          |    11 |     8 ||    19
  Use: Potion            |     1 |     2 ||     3
       Scroll            |       |     3 ||     3
 Stab: Sleeping          |     1 |       ||     1
       Petrified         |       |     1 ||     1
  Eat: Chunk             |     5 |     2 ||     7
Armor: Robe              |    12 |       ||    12
       Chain mail        |    31 |    60 ||    91
Dodge: Dodged            |    52 |    20 ||    72
